 Dungeon Crawl Stone Soup version 0.28.0 (webtiles) character file.

Game seed: 9844963338306788118

249194 browni3141 the Eclecticist (level 20, -3/132 HPs)
             Began as an Octopode Venom Mage on Feb 18, 2022.
             Was the Champion of Vehumet.
             Slain by a spark wasp (27 damage)
             ... on level 1 of the Spider Nest.
             The game lasted 02:26:59 (46465 turns).

browni3141 the Eclecticist (Octopode Venom Mage)   Turns: 46465, Time: 02:27:00

Health: -3/132     AC:  1    Str: 26 (27) XL:     20   Next: 4%
Magic:  20/68      EV: 15    Int: 33 (34) God:    Vehumet [******]
Gold:   2314       SH: 10    Dex: 12 (15) Spells: 1/54 levels left

rFire   x . .      SeeInvis +   q - staff of conjuration {!a}
rCold   + . .      Faith    .   x - +0 kite shield {reflect}
rNeg    + . .      Spirit   .   (helmet restricted)
rPois   +          Reflect  +   g - amulet "Unecuo" {rElec Regen+ MP+9 Str+5}
rElec   +          Harm     .   w - ring "Riuzan" {rElec MP+9 Str+3}
rCorr   +          Rampage  .   I - +6 ring of intelligence
Will    +++..                   P - ring of Monotheism {rPois rC+ rN+}
Stlth   +++.......              M - ring of willpower
HPRegen 1.12/turn               b - ring of Cafrixet {rC- Will+ rCorr Str+8 Slay+6}
MPRegen 0.41/turn               D - ring "Cebapupe" {Wiz rCorr MP+9 Stlth-}
                                R - ring "Damnable Contraption" {Ice rCorr Str+4 Int+4}
                                v - ring of see invisible

@: no status effects
A: almost no armour, amphibious, 8 rings, camouflage 1, gelatinous body 1,
(nimble swimmer 1), tentacles
}: 1/15 runes: barnacled
a: Renounce Religion


You were on level 1 of the Spider Nest.
You worshipped Vehumet.
Vehumet was exalted by your worship.
You visited 6 branches of the dungeon, and saw 31 of its levels.
You also visited: Ossuary, Bailey, Gauntlet and Desolation.

You collected 3680 gold pieces.
You spent 1366 gold pieces at shops.


Innate Abilities, Weirdness & Mutations

You cannot wear most types of armour.
You are amphibious.
You can wear up to eight rings at the same time.
Your skin changes colour to match your surroundings (Stealth+).
Your rubbery body absorbs attacks. (AC +1, EV +1)
((You are camouflaged when in or above water. (Stealth+)))
You have tentacles for arms and can constrict up to eight enemies at once.


   Skills:
 - Level 10.0 Fighting
 - Level 10.0 Dodging
 - Level 7.6 Stealth
 - Level 7.0 Shields
 - Level 17.5 Spellcasting
 - Level 10.0 Conjurations
 + Level 6.2 Transmutations
 - Level 5.0 Fire Magic
 - Level 12.0 Ice Magic
 - Level 15.0 Air Magic
 * Level 11.2 Earth Magic
 - Level 10.0 Poison Magic
 - Level 5.0 Evocations


You had one spell level left.
You knew the following spells:

 Your Spells              Type           Power      Damage    Failure   Level
a - Ozocubu's Armour      Ice            100%       N/A       1%          3
b - Orb of Destruction    Conj           48%        9d13      5%          7
c - Ozocubu's Refrigerat  Ice            52%        4d15      2%          7
d - Magic Dart            Conj           100%       1d8       1%          1
e - Statue Form           Tmut/Erth      48%        N/A       6%          6
i - Apportation           Tloc           56%        N/A       1%          1
k - Airstrike             Air            45%        N/A       1%          4
m - Mephitic Cloud        Conj/Pois/Air  100%       N/A       1%          3
o - Olgreb's Toxic Radia  Pois           76%        N/A       1%          4
p - Poisonous Vapours     Pois/Air       100%       N/A       1%          2
z - Sting                 Tmut/Pois      100%       1d8       1%          1
X - Ignite Poison         Fire/Tmut/Pois 66%        N/A       1%          3
Y - Frozen Ramparts       Ice            100%       1d12      1%          3
Z - Maxwell's Capacitive  Air            45%        ∞         5%          8

Your spell library contained the following spells:

 Spells                   Type           Power      Damage    Failure   Level
 Polar Vortex             Ice            52%        N/A       88%         9
 Ignition                 Fire           29%        3d9       90%         8
 Fire Storm               Conj/Fire      43%        8d11      100%        9
 Foxfire                  Conj/Fire      100%       2x1d9     1%          1
 Freeze                   Ice            100%       1d11      1%          1
 Pain                     Necr           100%       1d9       1%          1
 Sandblast                Erth           100%       2d20      1%          1
 Summon Small Mammal      Summ           100%       N/A       1%          1
 Ensorcelled Hibernation  Hex/Ice        100%       N/A       1%          2
 Passwall                 Tmut/Erth      60%        N/A       1%          2
 Searing Ray              Conj           100%       2d8       1%          2
 Conjure Flame            Conj/Fire      87%        6-21      1%          3
 Inner Flame              Hex/Fire       45%        N/A       1%          3
 Stone Arrow              Conj/Erth      100%       3d13      1%          3
 Flame Wave               Conj/Fire      87%        2d15      1%          4
 Fulminant Prism          Conj/Hex       37%        3d18      1%          4
 Ice Form                 Ice/Tmut       93%        N/A       1%          4
 Leda's Liquefaction      Hex/Erth       30%        N/A       1%          4
 Petrify                  Tmut/Erth      72%        N/A       1%          4
 Sticky Flame             Conj/Fire      87%        2d10      1%          4
 Summon Ice Beast         Ice/Summ       80%        N/A       1%          4
 Summon Lightning Spire   Summ/Air       68%        N/A       1%          4
 Alistair's Intoxication  Tmut/Pois      46%        N/A       1%          5
 Fireball                 Conj/Fire      43%        3d17      1%          5
 Freezing Cloud           Conj/Ice/Air   64%        6-21      1%          5
 Irradiate                Conj/Tmut      44%        3d28      1%          5
 Lee's Rapid Deconstruct  Erth           40%        3d21*     1%          5
 Lightning Bolt           Conj/Air       52%        1d74      1%          5
 Conjure Ball Lightning   Conj/Air       52%        3x3d18    1%          6
 Iron Shot                Conj/Erth      49%        9d9       1%          6
 Sublimation of Blood     Necr           28%        N/A       2%          2
 Metabolic Englaciation   Hex/Ice        40%        N/A       3%          5
 Yara's Violent Unravell  Hex/Tmut       24%        3d11      3%          5
 Call Canine Familiar     Summ           28%        N/A       4%          3
 Confusing Touch          Hex            28%        N/A       4%          3
 Gell's Gravitas          Tloc           28%        N/A       4%          3
 Portal Projectile        Hex/Tloc       56%        N/A       4%          3
 Summon Guardian Golem    Hex/Summ       28%        N/A       4%          3
 Teleport Other           Tloc           28%        N/A       4%          3
 Tukima's Dance           Hex            28%        N/A       4%          3
 Borgnjor's Vile Clutch   Necr/Erth      30%        N/A       4%          5
 Anguish                  Hex/Necr       14%        N/A       14%         4
 Animate Dead             Necr           14%        N/A       14%         4
 Passage of Golubria      Tloc           28%        N/A       14%         4
 Storm Form               Tmut/Air       39%        N/A       16%         7
 Simulacrum               Ice/Necr       40%        N/A       17%         6
 Lehudib's Crystal Spear  Conj/Erth      49%        10d12     28%         8
 Agony                    Necr           28%        N/A       34%         5
 Excruciating Wounds      Necr           14%        N/A       34%         5
 Summon Mana Viper        Hex/Summ       28%        N/A       34%         5
 Spellforged Servitor     Conj/Summ      37%        N/A       34%         7
 Chain Lightning          Conj/Air       52%        3d70      83%         9
 Death Channel            Necr           14%        N/A       88%         6
 Dispersal                Tloc           14%        N/A       88%         6
 Shatter                  Erth           40%        3d31*     92%         9
 Enfeeble                 Hex            14%        N/A       100%        7
 Haunt                    Necr/Summ      14%        N/A       100%        7
 Monstrous Menagerie      Summ           14%        N/A       100%        7
 Borgnjor's Revivificati  Necr           14%        N/A       100%        8

Inventory:

Hand Weapons
 H - the +9 trident of Indomitability {vamp, Str+5 Int+3}
   (You found it in a bailey)

   It occasionally heals its wielder for a portion of the damage dealt when it
   wounds a living foe.
   Str:       It affects your strength (+5).
   Int:       It affects your intelligence (+3).
Missiles
 f - 12 silver javelins
 t - 4 curare-tipped darts {@f4}
 y - 6 throwing nets
Armour
 x - a +0 kite shield of reflection (worn)
Magical Staves
 q - a staff of conjuration (weapon) {!a}
 U - a staff of fire
Jewellery
 b - the ring of Cafrixet (on tentacle) {rC- Will+ rCorr Str+8 Slay+6}
   (You found it in the Desolation of Salt)

   [ring of resist corrosion]

   Str:       It affects your strength (+8).
   Slay:      It affects your accuracy & damage with ranged weapons and melee
   (+6).
   rC:        It makes you vulnerable to cold.
   rCorr:     It protects you from acid and corrosion.
   Will:      It increases your willpower.
 g - the amulet "Unecuo" (around mantle) {rElec Regen+ MP+9 Str+5}
   (You found it in the Desolation of Salt)

   [amulet of regeneration]

   Str:       It affects your strength (+5).
   rElec:     It insulates you from electricity.
   MP:        It affects your magic capacity (+9).
   Regen:     It increases your rate of health regeneration.
 m - a ring of willpower
 v - a ring of see invisible (on tentacle)
 w - the ring "Riuzan" (left tentacle) {rElec MP+9 Str+3}
   (You found it in a Gauntlet)

   [ring of magical power]

   Str:       It affects your strength (+3).
   rElec:     It insulates you from electricity.
   MP:        It affects your magic capacity (+9).
 C - a ring of protection from cold
 D - the ring "Cebapupe" (on tentacle) {Wiz rCorr MP+9 Stlth-}
   (You acquired it on level 11 of the Dungeon)

   [ring of wizardry]

   It improves your spell success rate.
   MP:        It affects your magic capacity (+9).
   rCorr:     It protects you from acid and corrosion.
   Stlth:     It makes you less stealthy.
 I - a +6 ring of intelligence (right tentacle)
 L - a ring of flight
 M - a ring of willpower (on tentacle)
 P - the ring of Monotheism (on tentacle) {rPois rC+ rN+}
   (You acquired it on level 1 of the Elven Halls)

   [ring of positive energy]

   rC:        It protects you from cold.
   rPois:     It protects you from poison.
   rN:        It protects you from negative energy.
 R - the ring "Damnable Contraption" (on tentacle) {Ice rCorr Str+4 Int+4}
   (You took it off a deep elf elementalist on level 3 of the Elven Halls)

   [ring of ice]

   It enhances your ice magic.
   Str:       It affects your strength (+4).
   Int:       It affects your intelligence (+4).
   rF:        It makes you vulnerable to fire.
   rC:        It protects you from cold.
   rCorr:     It protects you from acid and corrosion.
Wands
 d - a wand of polymorph (28)
 A - a wand of acid (3)
 N - a wand of iceblast (34)
 W - a wand of paralysis (13)
 Y - a wand of digging (12)
Scrolls
 e - 8 scrolls of blinking {@r3}
 h - 2 scrolls of silence {!r}
 k - 3 scrolls of summoning
 n - 6 scrolls of vulnerability {!r}
 o - 5 scrolls of immolation {!r}
 r - 16 scrolls of teleportation {@r4}
 J - 2 scrolls of magic mapping
 K - 5 scrolls of enchant armour
 S - 4 scrolls of fear
 V - 2 scrolls of noise {!r}
 X - 6 scrolls of fog {@r5}
Potions
 a - 10 potions of brilliance
 i - 4 potions of lignification {!q}
 j - 2 potions of haste {@q3}
 l - 13 potions of curing {@q1}
 s - 3 potions of ambrosia
 u - 4 potions of heal wounds {@q2}
 z - 4 potions of magic
 F - 7 potions of cancellation
 G - 5 potions of resistance
 T - a potion of invisibility
 Z - 5 potions of mutation {!q}
Miscellaneous
 c - a lightning rod (4/4)
 p - a tin of tremorstones (2/2) {@f1}
 B - a phantom mirror
 E - a box of beasts
 O - a condenser vane
 Q - a phial of floods

Dungeon Overview and Level Annotations

Branches:
Dungeon (15/15)            Temple (0/1) D:6            Lair (6/6) D:10
 Shoals (4/4) Lair:4       Spider (1/4) Lair:3        Slime (0/5) Lair:5
    Orc (2/2) D:10            Elf (3/3) Orc:2        Vaults (0/5) D:13
 Depths (0/4) D:15        Ossuary (visited)          Bailey (visited)
Desolation (visited)      Gauntlet (visited)

Altars:
Cheibriados
Dithmenos
Fedhas
Kikubaaqudgha
Nemelex Xobeh
Qazlal
Ru
Sif Muna
Trog
Vehumet
Wu Jian
Xom
Zin
Beogh
Jiyva

Shops:
D:1 [   D:5 (   D:6 !*[   D:10 :   Orc:1 (   Orc:2 ?[(:   Elf:1 *

Portals:
Bazaar: Elf:2

Annotations:
D:6 exclusion: door
D:8 exclusion: downstairs
D:9 1 runed translucent door, exclusion: door, browni3141's ghost, novice MiBe
D:13 2 transporters, exclusion: downstairs
Lair:1 fragbeetle's ghost, journeyman GnWn
Lair:3 exclusion: upstairs
Lair:5 exclusion: downstairs
Lair:6 exclusion: 2 doors
Shoals:3 1 runed translucent door, exclusion: door, zcamperz's ghost, adept MiBe
Shoals:4 exclusion: 2 doors
Elf:2 3 runed translucent doors, exclusion: 3 doors

#..##.#..#
...>.....##
#.#....$$# ##
#.#.....## . ..
#.....#.)...#
#.#..#..#s>....
#.....s..#......
#.....#.#^###^..
#..#y@#.#.# ...
#......#. ^ ..
##..#.....#.
####.#...###
.##...# . ...# .
... ## ####


You could see a spark wasp and a jumping spider.


Message History

The redback moves out of view.
There is a web here.
You struggle to detach yourself from the web.
The demonic crawler shrieks in warning!
The wolf spider barely misses you. The wolf spider bites you!
* * * LOW HITPOINT WARNING * * *
The jumping spider pounces on you but does no damage.
The jumping spider bites you.
* * * LOW HITPOINT WARNING * * *
You hear an angry hiss.
You hear an angry buzzing noise.
You hear a hideous shriek!
Unknown command.
The web tears apart.
You block the wolf spider's attack. The wolf spider closely misses you.
The jumping spider leaps!
The wolf spider hits you!
* * * LOW HITPOINT WARNING * * *
You block the wolf spider's attack. The demonic crawler barely misses you.
The demonic crawler hits you!
* * * LOW HITPOINT WARNING * * *
The demonic crawler misses you.
Unknown command.
As you read the scroll of fear, it crumbles to dust.
You assume a fearsome visage.
The wolf spider looks frightened!
The demonic crawler looks frightened!
The redback looks frightened!
The jumping spider looks frightened!
The jumping spider leaps!
Unknown command.
A spark wasp comes into view.
There is a crawl-hole back to the Lair, spattered with blood here.
The spark wasp stings you!!
You die...

Skill      XL: |  1  2  3  4  5  6  7  8  9 10 11 12 13 14 15 16 17 18 19 |
---------------+----------------------------------------------------------+-----
Fighting       | 1 2 5 7 9 10 | 10.0
Poison Magic   | 4 5 8 10 | 10.0
Shields        | 3 4 5 7 |  7.0
Evocations     | 2 5 |  5.0
Spellcasting   | 3 6 8 11 12 13 14 15 16 17 | 17.5
Air Magic      | 2 5 6 7 9 10 12 15 | 15.0
Fire Magic     | 2 4 5 |  5.0
Transmutations | 2 5 6 |  6.2
Conjurations   | 2 7 8 10 | 10.0
Dodging        | 4 5 7 9 10 | 10.0
Stealth        | 3 7 |  7.6
Ice Magic      | 7 9 10 11 12 | 12.0
Earth Magic    | 5 11 | 11.2

Action                   |  1- 3 |  4- 6 |  7- 9 | 10-12 | 13-15 | 16-18 | 19-21 || total
-------------------------+-------+-------+-------+-------+-------+-------+-------++-------
Melee: Short sword       |    27 |    30 |    54 |       |       |       |       ||   111
       Constrict         |    11 |     5 |     6 |    30 |    33 |     6 |     7 ||    98
       Tentacles         |     9 |     6 |    18 |    46 |    37 |     9 |    12 ||   137
       Unarmed           |     1 |       |       |       |       |       |       ||     1
       Punch             |     1 |       |     3 |     4 |     1 |       |     2 ||    11
       Trident           |       |       |       |   233 |   216 |    46 |       ||   495
       Staff             |       |       |       |       |       |     1 |    22 ||    23
 Cast: Sting             |    33 |    58 |    36 |     6 |     1 |       |       ||   134
       Poisonous Vapours |     3 |    12 |    18 |     2 |     6 |     1 |       ||    42
       Olgreb's Toxic Ra |       |       |    12 |    33 |    64 |    13 |     6 ||   128
       Ignite Poison     |       |       |    16 |    25 |    38 |    10 |     6 ||    95
       Magic Dart        |       |       |       |    20 |       |       |       ||    20
       Frozen Ramparts   |       |       |       |    37 |    28 |     4 |     1 ||    70
       Ozocubu's Armour  |       |       |       |    30 |    25 |     4 |     1 ||    60
       Mephitic Cloud    |       |       |       |    10 |     8 |     3 |       ||    21
       Airstrike         |       |       |       |     1 |    12 |    39 |     9 ||    61
       Apportation       |       |       |       |     1 |       |       |       ||     1
       Freeze            |       |       |       |       |     2 |       |       ||     2
       Ozocubu's Refrige |       |       |       |       |   143 |   292 |    80 ||   515
       Fireball          |       |       |       |       |    17 |    13 |       ||    30
       Orb of Destructio |       |       |       |       |       |    81 |   105 ||   186
       Maxwell's Capacit |       |       |       |       |       |    17 |     3 ||    20
Evoke: Wand              |       |     6 |    10 |     6 |     3 |     5 |       ||    30
       Condenser vane    |       |       |       |       |     2 |     2 |       ||     4
       Box of beasts     |       |       |       |       |       |     1 |       ||     1
  Use: Scroll            |       |     4 |     7 |     5 |    10 |    12 |     2 ||    40
       Potion            |       |       |       |     1 |       |     1 |     2 ||     4
 Stab: Sleeping          |     4 |       |     1 |    12 |     6 |     2 |       ||    25
       Confused          |       |       |       |     1 |     2 |       |       ||     3
       Distracted        |       |       |       |       |     2 |       |       ||     2
Armor: Skin              |     1 |     1 |     6 |    21 |    22 |     3 |     3 ||    57
Dodge: Dodged            |    21 |    36 |    47 |   119 |   132 |    81 |    48 ||   484
Block: Buckler           |       |    11 |    16 |    46 |    57 |     1 |       ||   131
       Kite shield       |       |       |       |       |       |    56 |    42 ||    98
       Reflection        |       |       |       |       |       |    19 |     9 ||    28

Levels and vault maps discovered:
D:1:      denvon_arrival_planthouse, layout_rooms, serial_forest,
          infiniplex_forest_straight_2, infiniplex_forest_clump_medium,
          infiniplex_forest_zigzag_2, infiniplex_forest_zigzag_1,
          infiniplex_forest_join, infiniplex_forest_zigzag_1,
          infiniplex_forest_lined_1, serial_shops, shop
D:2:      layout_basic, chequers_ecumenical_altar_simple
D:3:      layout_basic, nicolae_qazlal_style_of_elements,
          lemuel_coloured_pillars_altar
D:4:      layout_basic, lightli_ossuary_entry_decrepit_ruins
D:5:      layout_basic, kiku_gazebo_pond_becter, serial_shops,
          nicolae_shop_statue_plus, minmay_quadrilaterals
D:6:      nicolae_cairo_tiling_large_dashed, layout_rooms,
          grunt_temple_overflow_order_and_chaos_1,
          nicolae_hepliaklqana_ecumenical_no_more, serial_shops, shop,
          nicolae_shop_trees, nicolae_stop_n_shop_2, uniq_edmund
D:7:      layout_basic, kennysheep_mini_moat, lemuel_doored_altar,
          enter_bailey_3
D:8:      layout_layer_cave, nicolae_sextant, uniq_maurice
D:9:      layout_roguey, nemelex_altar_shiori, nzn_wu_jian_contemplation,
          ebering_ghost_xom, columned_hall_lemuel
D:10:     layout_basic, mainiacjoe_overflow_alcove_2, jmf_multi_god_temple,
          grunt_lair_entry_orc_guard_hut, orc_0_dummy, serial_co_window_serial,
          co_window_corner_a, co_window_of_opportunity_a, co_window_corner_a,
          co_window_paths_b, co_window_of_opportunity_a, co_window_broadway_c,
          co_window_corner_ca, co_window_corner_b, co_window_cross_2,
          co_window_unsneaky_path_e, glass_columns_a, glass_columns_b,
          glass_columns_b, nicolae_shop_self_help, uniq_psyche, uniq_sonja
D:11:     layout_loops_ring, ebering_ghost_funeral_grove,
          eino_small_chamber_without_monster, lemuel_flame_loot_1, uniq_grum
D:12:     layout_rooms
D:13:     gammafunk_jiyva_shrine, layout_basic, david_vaults_4, jiyva_altar_1
D:14:     layout_cave_pools, doesnt_xom_only_xom, kennysheep_small_square
D:15:     grunt_enter_depths_magical_seal, layout_basic, gauntlet_entry_generic,
          hangedman_abyss_or_decor_stagger
Lair:1:   layout_small_grid, ebering_ghost_xom
Lair:2:   layout_cave_shapes, grunt_megastairs_2
Lair:3:   layout_loops_ring, spider_nest_entry_a
Lair:4:   layout_hall_layers, minmay_shoals_entry_hut
Lair:5:   layout_cave_shapes, slime_altar_1, chequers_serial_rivers_large_a,
          nicolae_lair_lindhole
Lair:6:   evil_forest, layout_small_grid, nicolae_lair_lakeside_cave
Shoals:1: cheibrodos_shoals_baths, layout_shoals, uniq_kirke, uniq_nikola,
          uniq_aizul
Shoals:2: layout_shoals, nicolae_shoals_shepherds
Shoals:3: layout_shoals, gammafunk_ghost_grave, uniq_polyphemus
Shoals:4: shoals_end_hellmonk_storm_palace [storm_palace_center_circular,
          storm_palace_corner_narrow, storm_palace_corner_narrow,
          storm_palace_corner_reverse_hut, storm_palace_corner_reverse_hut],
          uniq_mlioglotl
Spider:1: layout_spider_delve, nicolae_spider_twisty_arc_passages
Orc:1:    layout_diamond_mine, serial_shops, nicolae_shop_bloodbath_and_beyond,
          special_room [special_room_orc], nooodl_orcs_dogs
Orc:2:    grunt_orc_community_town_hall, layout_diamond_mine,
          grunt_orc_community_big_house_2, grunt_orc_community_big_house_2,
          grunt_orc_community_house_1, grunt_orc_community_house_2,
          grunt_orc_community_house_1, grunt_orc_community_house_1,
          grunt_orc_community_house_2, uniq_saint_roka, uniq_jorgrun,
          uniq_nessos, uniq_urug
Elf:1:    layout_geoelf_octagon, serial_shops, shop, hangedman_corner_corridor,
          drop_trap
Elf:2:    nicolae_elf_blades_crystal_corner, layout_loops_ring, serial_shops,
          bzr_entry_dummy, portal_desolation_entry_ruin
Elf:3:    elf_hall, layout_gridlike, patterned_corridor, grunt_megastairs_3

Notes
Turn   | Place    | Note
-------+----------+-------------------------------------------
     0 | D:1      | browni3141 the Octopode Venom Mage began the quest for the
                  | Orb.
     0 | D:1      | Reached XP level 1. HP: 11/11 MP: 3/3
   177 | D:1      | Reached skill level 1 in Fighting
   335 | D:1      | Reached XP level 2. HP: 16/18 MP: 1/5
   495 | D:1      | Reached skill level 2 in Fighting
   559 | D:1      | Found Imuyd Hoko's Antique Armour Shop.
   604 | D:1      | Learned a level 2 spell: Poisonous Vapours
   802 | D:1      | Reached skill level 4 in Poison Magic
   981 | D:2      | Found a faded altar of an unknown god.
  1058 | D:2      | Reached XP level 3. HP: 24/24 MP: 4/6
  1880 | D:2      | Reached skill level 5 in Poison Magic
  1959 | D:2      | Reached XP level 4. HP: 18/29 MP: 3/7
  2391 | D:3      | Reached skill level 1 in Shields
  2761 | D:3      | Reached skill level 2 in Shields
  3153 | D:3      | Reached skill level 3 in Shields
  3153 | D:3      | Reached XP level 5. HP: 14/34 MP: 2/8
  3424 | D:3      | Found a shadowy altar of Dithmenos.
  3526 | D:3      | Found a stormy altar of Qazlal.
  3529 | D:3      | Noticed a water elemental
  3529 | D:3      | Noticed an air elemental
  3529 | D:3      | Noticed a fire elemental
  3914 | D:4      | Noticed a necrophage
  3937 | D:3      | Killed a necrophage
  3938 | D:3      | Reached skill level 4 in Shields
  3938 | D:3      | Reached XP level 6. HP: 24/39 MP: 9/9
  4174 | D:4      | Found a sand-covered staircase.
  4199 | Ossuary  | Entered an ossuary
  4239 | Ossuary  | Reached skill level 1 in Evocations
  4753 | D:4      | Reached skill level 5 in Shields
  4753 | D:4      | Reached skill level 2 in Evocations
  5131 | D:5      | Entered Level 5 of the Dungeon
  5143 | D:5      | Identified the +1 robe of Eskymup {Int+3}
  5163 | D:5      | Reached XP level 7. HP: 21/45 MP: 10/10
  5346 | D:5      | Found Miumaolo's Weapon Emporium.
  5377 | D:5      | Reached skill level 3 in Spellcasting
  5382 | D:5      | Learned a level 4 spell: Olgreb's Toxic Radiance
  5386 | D:5      | Learned a level 3 spell: Ignite Poison
  5564 | D:5      | Reached skill level 6 in Poison Magic
  5769 | D:4      | Reached skill level 7 in Poison Magic
  6259 | D:5      | Reached skill level 8 in Poison Magic
  6259 | D:5      | Reached XP level 8. HP: 22/50 MP: 12/12
  6644 | D:5      | Reached skill level 1 in Air Magic
  6687 | D:5      | Found an ancient bone altar of Kikubaaqudgha.
  6759 | D:6      | Reached skill level 1 in Fire Magic
  6761 | D:6      | Noticed Edmund
  6781 | D:6      | Reached skill level 2 in Transmutations
  6781 | D:6      | Reached skill level 2 in Fire Magic
  6781 | D:6      | Reached skill level 2 in Air Magic
  6830 | D:6      | Killed Edmund
  6868 | D:5      | Reached skill level 9 in Poison Magic
  7276 | D:6      | Reached skill level 10 in Poison Magic
  7280 | D:6      | Learned a level 3 spell: Mephitic Cloud
  7423 | D:6      | Found a faded altar of an unknown god.
  7423 | D:6      | Found a faded altar of an unknown god.
  7423 | D:6      | Found a faded altar of an unknown god.
  7443 | D:6      | Found Zeasecab's Assorted Antiques.
  7490 | D:6      | Bought a scroll of identify for 48 gold pieces
  7526 | D:6      | Reached XP level 9. HP: 55/55 MP: 3/14
  7664 | D:6      | Found Deconat's Distillery.
  7678 | D:6      | Bought a potion of magic for 112 gold pieces
  7678 | D:6      | Bought a potion of curing for 42 gold pieces
  7712 | D:6      | Reached skill level 3 in Fighting
  7785 | D:6      | Noticed an angel
  7786 | D:6      | Found a glowing silver altar of Zin.
  7787 | D:6      | Found a shimmering altar of Xom.
  7850 | D:6      | Found Itoma's Antique Armour Boutique.
  7856 | D:6      | Found a staircase to the Ecumenical Temple.
  8104 | D:7      | Found a radiant altar of Vehumet.
  8108 | D:7      | Became a worshipper of Vehumet
  8341 | D:7      | Found a flagged portal.
  8373 | Bailey   | Entered a bailey
  8441 | Bailey   | Reached skill level 4 in Spellcasting
  8462 | Bailey   | Noticed an orc sorcerer
  8468 | Bailey   | Killed an orc sorcerer
  8469 | Bailey   | Reached skill level 4 in Fighting
  8663 | Bailey   | Noticed an orc knight
  8673 | Bailey   | Reached skill level 5 in Fighting
  8673 | Bailey   | Reached skill level 5 in Spellcasting
  8685 | Bailey   | Killed an orc knight
  8686 | Bailey   | Reached skill level 6 in Spellcasting
  8686 | Bailey   | Reached skill level 1 in Conjurations
  8820 | Bailey   | Reached skill level 2 in Conjurations
  8820 | Bailey   | Reached skill level 3 in Dodging
  8820 | Bailey   | Reached skill level 3 in Stealth
  8942 | Bailey   | Found an iron altar of Okawaru.
  8942 | Bailey   | Noticed a kobold demonologist
  8945 | Bailey   | Reached skill level 4 in Dodging
  8945 | Bailey   | Reached XP level 10. HP: 66/66 MP: 11/19
  8946 | Bailey   | Killed a kobold demonologist
  8947 | Bailey   | Reached skill level 5 in Dodging
  8951 | Bailey   | Learned a level 3 spell: Frozen Ramparts
  8960 | Bailey   | Identified the +9 trident of Indomitability {vamp, Str+5
                  | Int+3}
  8997 | Bailey   | Reached skill level 7 in Conjurations
  8997 | Bailey   | Reached skill level 7 in Ice Magic
  8997 | Bailey   | Reached XP level 11. HP: 71/71 MP: 12/20
  9002 | Bailey   | Learned a level 3 spell: Ozocubu's Armour
  9158 | Bailey   | Reached * piety under Vehumet
  9158 | Bailey   | Offered knowledge of Freeze by Vehumet.
  9328 | Bailey   | Learned a level 1 spell: Freeze
  9648 | D:7      | Found a sacrificial altar of Ru.
 10035 | D:8      | Offered knowledge of Magic Dart by Vehumet.
 10050 | D:8      | Learned a level 1 spell: Magic Dart
 10122 | D:8      | Reached ** piety under Vehumet
 10876 | D:8      | Noticed Maurice
 10891 | D:8      | Killed Maurice
 11308 | D:8      | Reached skill level 3 in Evocations
 11475 | D:8      | Reached skill level 8 in Ice Magic
 11978 | D:9      | Offered knowledge of Dazzling Flash by Vehumet.
 11979 | D:9      | Reached skill level 7 in Spellcasting
 12165 | D:9      | Identified the +1 ring mail of Foraghat {+Inv rN+ Will++
                  | Stlth-}
 12213 | D:9      | Noticed a two-headed ogre
 12229 | D:9      | Killed a two-headed ogre
 12230 | D:9      | Reached skill level 4 in Evocations
 12355 | D:9      | Found an ornate altar of the Wu Jian Council.
 12381 | D:9      | Noticed a two-headed ogre
 12897 | D:9      | Killed a two-headed ogre
 13060 | D:9      | Found a sparkling altar of Nemelex Xobeh.
 13136 | D:9      | Found a shimmering altar of Xom.
 13136 | D:9      | Noticed browni3141's ghost (novice MiBe)
 13137 | D:9      | Found a runed translucent door.
 13137 | D:9      | Noticed a +2 war axe of chaos
 13249 | D:10     | Entered Level 10 of the Dungeon
 13261 | D:10     | Noticed Psyche
 13289 | D:10     | Reached *** piety under Vehumet
 13302 | D:10     | Reached skill level 5 in Evocations
 13518 | D:10     | Reached skill level 9 in Ice Magic
 13784 | D:10     | Found a staircase to the Orcish Mines.
 13801 | D:10     | Found a blossoming altar of Fedhas.
 13823 | D:10     | Found Heedemur's Self-Improvement Boutique.
 13853 | D:10     | Found a staircase to the Lair.
 14015 | D:10     | Noticed Sonja
 14018 | D:10     | Killed Sonja
 14019 | D:10     | Reached skill level 8 in Spellcasting
 14019 | D:10     | Reached XP level 12. HP: 77/77 MP: 22/24
 14129 | D:10     | Offered knowledge of Airstrike by Vehumet.
 14179 | D:10     | Killed Psyche
 14190 | D:10     | Noticed a two-headed ogre
 14195 | D:10     | Killed a two-headed ogre
 14206 | D:10     | Reached skill level 10 in Ice Magic
 14211 | D:10     | Learned a level 4 spell: Airstrike
 14311 | D:10     | Found a shimmering blue altar of Sif Muna.
 14311 | D:10     | Found a snail-covered altar of Cheibriados.
 14573 | D:10     | Identified the +9 short sword "Qaen Ugg" {speed, Will-
                  | Str+4 Dex+2}
 15010 | Lair:1   | Entered Level 1 of the Lair of Beasts
 15205 | Lair:1   | Found a runed translucent door.
 15206 | Lair:1   | Found a shimmering altar of Xom.
 15206 | Lair:1   | Noticed fragbeetle's ghost (journeyman GnWn)
 15532 | Lair:1   | Reached skill level 3 in Air Magic
 15647 | Lair:1   | Reached skill level 8 in Conjurations
 16035 | Lair:2   | You fall into a shaft and drop 1 floor!
 16045 | Lair:3   | Reached skill level 4 in Air Magic
 16116 | Lair:2   | Noticed a seven-headed hydra
 16116 | Lair:2   | Noticed a death yak
 16120 | Lair:3   | Reached **** piety under Vehumet
 16267 | Lair:3   | Reached skill level 9 in Spellcasting
 16335 | Lair:2   | Reached skill level 5 in Air Magic
 16513 | Lair:2   | Learned a level 1 spell: Apportation
 16628 | Lair:2   | Killed a seven-headed hydra
 16628 | Lair:2   | Offered knowledge of Iskenderun's Battlesphere by Vehumet.
 16765 | Lair:2   | Reached skill level 10 in Spellcasting
 16823 | Lair:2   | Identified a potion of resistance
 16825 | Lair:2   | Noticed a death yak
 16826 | Lair:2   | Noticed a death yak
 16827 | Lair:2   | Noticed a death yak
 16830 | Lair:2   | Killed a death yak
 16831 | Lair:2   | Noticed a death yak
 16831 | Lair:2   | Noticed a death yak
 16836 | Lair:2   | Killed a death yak
 16836 | Lair:2   | Killed a death yak
 16836 | Lair:2   | Killed a death yak
 16837 | Lair:2   | Reached skill level 11 in Spellcasting
 16837 | Lair:2   | Reached XP level 13. HP: 81/81 MP: 28/28
 17498 | Lair:3   | Reached skill level 12 in Spellcasting
 17508 | Lair:3   | Reached ***** piety under Vehumet
 17518 | Lair:3   | Offered knowledge of Conjure Ball Lightning by Vehumet.
 17605 | Lair:3   | Found a hole to the Spider Nest.
 17844 | Lair:3   | Learned a level 7 spell: Ozocubu's Refrigeration
 18521 | Lair:4   | Reached skill level 6 in Air Magic
 18530 | Lair:4   | Reached XP level 14. HP: 81/89 MP: 27/30
 18550 | Lair:4   | Reached skill level 6 in Fighting
 18550 | Lair:4   | Reached skill level 6 in Dodging
 18693 | Lair:4   | Found a staircase to the Shoals.
 18786 | Lair:4   | Reached skill level 13 in Spellcasting
 20056 | Lair:5   | Found a viscous altar of Jiyva.
 20102 | Lair:5   | Found a staircase to the Slime Pits.
 20108 | Lair:5   | Offered knowledge of Fireball by Vehumet.
 20119 | Lair:5   | Learned a level 5 spell: Fireball
 20616 | Lair:5   | Reached skill level 11 in Ice Magic
 20732 | Lair:6   | Entered Level 6 of the Lair of Beasts
 20817 | Lair:6   | Reached skill level 7 in Air Magic
 20962 | Lair:6   | Reached skill level 7 in Fighting
 20970 | Lair:6   | Reached skill level 7 in Dodging
 21110 | Lair:6   | Reached skill level 3 in Fire Magic
 22407 | Lair:6   | Noticed a dire elephant
 22408 | Lair:6   | Reached skill level 4 in Fire Magic
 22410 | Lair:6   | Reached XP level 15. HP: 99/99 MP: 29/32
 22818 | Lair:1   | HP: 8/96 [poisoned by a +2 scimitar of chaos]
 22821 | Lair:1   | HP: 3/96 [poisoned by a +2 scimitar of chaos]
 22826 | Lair:1   | HP: 3/96 [poisoned by a +2 scimitar of chaos]
 23078 | Orc:1    | Entered Level 1 of the Orcish Mines
 23198 | Orc:1    | Offered knowledge of Eringya's Noxious Bog by Vehumet.
 23212 | Orc:1    | Reached skill level 8 in Air Magic
 23347 | Orc:1    | Reached skill level 8 in Dodging
 23434 | Orc:1    | Reached skill level 8 in Fighting
 23870 | Orc:2    | Entered Level 2 of the Orcish Mines
 23946 | Orc:1    | Found Emnecoad's Weapon Shoppe.
 24313 | Orc:2    | Reached skill level 5 in Fire Magic
 24357 | Orc:2    | Noticed Nessos
 24360 | Orc:2    | Killed Nessos
 24360 | Orc:2    | Offered knowledge of Lightning Bolt by Vehumet.
 24427 | Orc:2    | Noticed Urug
 24429 | Orc:2    | Killed Urug
 24785 | Orc:2    | Found Konylal's Magic Scroll Boutique.
 24814 | Orc:2    | Bought a scroll of identify for 36 gold pieces
 24814 | Orc:2    | Bought a scroll of identify for 36 gold pieces
 24928 | Orc:2    | Noticed Jorgrun
 24933 | Orc:2    | Killed Jorgrun
 24934 | Orc:2    | Reached skill level 12 in Ice Magic
 24988 | Orc:2    | Noticed Saint Roka
 24990 | Orc:2    | Noticed an orc warlord
 24995 | Orc:2    | Killed an orc warlord
 24997 | Orc:2    | Killed Saint Roka
 25270 | Orc:2    | Found Imyte's Antique Armour Shop.
 25272 | Orc:2    | Found Sarawunt's Antique Weapon Boutique.
 25380 | Orc:2    | Found a staircase to the Elven Halls.
 25545 | Orc:2    | Found Himp's Book Shoppe.
 25816 | Spider:1 | Entered Level 1 of the Spider Nest
 25820 | Spider:1 | Reached skill level 9 in Dodging
 25871 | Spider:1 | Reached skill level 9 in Air Magic
 26100 | D:11     | Found a runed translucent door.
 26101 | D:11     | Noticed RighteousDevil's ghost (journeyman MiMo)
 26103 | D:11     | Identified the +4 spear "Xoek" {vorpal, rC+}
 26502 | D:11     | Noticed Grum
 26507 | D:11     | Reached skill level 9 in Fighting
 26507 | D:11     | Killed Grum
 26638 | D:11     | Reached skill level 14 in Spellcasting
 27360 | D:11     | Killed RighteousDevil's ghost
 27477 | D:11     | Acquired the ring "Cebapupe" {Wiz rCorr MP+9 Stlth-}
 27525 | D:12     | Reached XP level 16. HP: 108/108 MP: 34/34
 28459 | D:13     | Offered knowledge of Spellforged Servitor by Vehumet.
 28584 | D:13     | Found a viscous altar of Jiyva.
 28775 | D:13     | Found a transporter.
 28776 | D:13     | Noticed an azure jelly
 28819 | D:13     | You fall into a shaft and drop 1 floor!
 29484 | D:13     | Found a viscous altar of Jiyva.
 29486 | D:13     | Found a transporter.
 29630 | D:13     | Found a gate to the Vaults.
 29900 | D:13     | Learned a level 8 spell: Maxwell's Capacitive Coupling
 29970 | D:14     | Reached skill level 4 in Stealth
 30235 | D:14     | Reached skill level 10 in Dodging
 30477 | D:14     | Found an opulent altar of Gozag.
 30479 | D:14     | Found a shimmering altar of Xom.
 30479 | D:14     | Found a bloodstained altar of Trog.
 30481 | D:14     | Found a shimmering altar of Xom.
 30481 | D:14     | Found an ancient bone altar of Kikubaaqudgha.
 30481 | D:14     | Found a shimmering altar of Xom.
 30647 | D:15     | Entered Level 15 of the Dungeon
 30650 | D:15     | Reached skill level 10 in Air Magic
 30660 | D:15     | Reached skill level 10 in Fighting
 30660 | D:15     | Reached skill level 5 in Stealth
 30832 | D:15     | Found a gate leading to a gauntlet.
 30842 | Gauntlet | Entered a Gauntlet
 30842 | Gauntlet | Found a transporter.
 30965 | Gauntlet | Found a large runed translucent door.
 30966 | Gauntlet | Found a large runed translucent door.
 30967 | Gauntlet | Found a large runed translucent door.
 30967 | Gauntlet | Found a large runed translucent door.
 30967 | Gauntlet | Found a runed translucent door.
 30967 | Gauntlet | Found a runed translucent door.
 30968 | Gauntlet | Found a large runed translucent door.
 30969 | Gauntlet | Found a large runed translucent door.
 30970 | Gauntlet | Found a large runed translucent door.
 30970 | Gauntlet | Found a large runed translucent door.
 30970 | Gauntlet | Found a large runed translucent door.
 30970 | Gauntlet | Found a large runed translucent door.
 30970 | Gauntlet | Found a large runed translucent door.
 30970 | Gauntlet | Found a large runed translucent door.
 30971 | Gauntlet | Found a large runed translucent door.
 30971 | Gauntlet | Found a large runed translucent door.
 30972 | Gauntlet | Found a large runed translucent door.
 30972 | Gauntlet | Found a transporter.
 30972 | Gauntlet | Found a large runed translucent door.
 30974 | Gauntlet | Found a transporter.
 30976 | Gauntlet | Found a transporter.
 30990 | Gauntlet | Found a runed translucent gate.
 30990 | Gauntlet | Found a runed translucent gate.
 30990 | Gauntlet | Found a runed translucent gate.
 30992 | Gauntlet | Found a transporter.
 31007 | Gauntlet | Found a transporter.
 31012 | Gauntlet | Found a transporter.
 31027 | Gauntlet | Found a transporter.
 31047 | Gauntlet | Found a transporter.
 31059 | Gauntlet | Found a transporter.
 31071 | Gauntlet | Found a transporter.
 31083 | Gauntlet | Found a transporter.
 31095 | Gauntlet | Found a transporter.
 31112 | Gauntlet | Found a transporter.
 31129 | Gauntlet | Found a transporter.
 31131 | Gauntlet | Found a transporter.
 31158 | Gauntlet | Found a transporter.
 31160 | Gauntlet | Found a transporter.
 31183 | Gauntlet | Reached skill level 6 in Shields
 31303 | Gauntlet | Identified the ring "Riuzan" {rElec MP+9 Str+3}
 31376 | Gauntlet | Identified the +2 leather armour of Gehenna {-Tele rF++
                  | SInv}
 31388 | Gauntlet | Got Hoety's Compendium of Ashen Moulding
 31479 | D:15     | Reached skill level 6 in Stealth
 32108 | D:15     | Found a staircase to the Depths.
 32377 | D:15     | Reached skill level 7 in Stealth
 32906 | Orc:2    | Bought a book of the Earth for 540 gold pieces
 32934 | Elf:1    | Entered Level 1 of the Elven Halls
 32934 | Elf:1    | Found Miquat's General Store.
 33082 | Elf:1    | Paralysed by an air elemental for 1 turns
 33210 | Elf:1    | Offered knowledge of Orb of Destruction by Vehumet.
 33211 | Elf:1    | Reached skill level 7 in Shields
 33306 | Elf:1    | Acquired the ring of Monotheism {rPois rC+ rN+}
 33343 | Elf:1    | Reached XP level 17. HP: 115/115 MP: 35/35
 33499 | Elf:1    | Bought a wand of acid (3) for 238 gold pieces
 33499 | Elf:1    | Bought a potion of flight for 51 gold pieces
 33499 | Elf:1    | Bought a scroll of blinking for 127 gold pieces
 33499 | Elf:1    | Bought a potion of cancellation for 136 gold pieces
 33517 | Elf:1    | Reached skill level 15 in Spellcasting
 33978 | Elf:2    | Found a gateway to a bazaar.
 34147 | Elf:2    | Reached skill level 11 in Air Magic
 34156 | Elf:2    | Learned a level 7 spell: Orb of Destruction
 34158 | Elf:2    | Found a crumbling gateway.
 34264 | Desolati | Entered the Desolation of Salt
 34872 | Desolati | Reached skill level 9 in Conjurations
 35123 | Desolati | Got the Reference Book on Ashen Dark Magic
 35125 | Desolati | Identified the +6 leather armour "Nyit" {rElec Int+4}
 35131 | Desolati | Got Yxaurgh's Guide on the Damaging Glacier
 35415 | Desolati | Reached skill level 10 in Conjurations
 35418 | Desolati | Offered knowledge of Starburst by Vehumet.
 35421 | Desolati | Reached skill level 12 in Air Magic
 35696 | Desolati | Reached skill level 1 in Earth Magic
 35843 | Desolati | Identified the amulet "Unecuo" {rElec Regen+ MP+9 Str+5}
 35857 | Desolati | Got the Almanac of the Birds and Stones
 35990 | Desolati | Reached skill level 3 in Transmutations
 35990 | Desolati | Reached skill level 2 in Earth Magic
 36209 | Desolati | Identified the ring of Cafrixet {rC- Will+ rCorr Str+8
                  | Slay+6}
 36331 | Desolati | Got the Handbook of Entrancing Confrontation
 36334 | Desolati | Got the Incunabulum of Shifting Unholy Arts
 36337 | Desolati | Got Zudebry's Handbook of the Mountains and the Snowflakes
 36341 | Desolati | Got the Almanac of the Bewitching Glacier
 36472 | Elf:2    | Paralysed by an air elemental for 1 turns
 36497 | Elf:2    | Reached skill level 3 in Earth Magic
 36600 | Elf:2    | Reached skill level 4 in Transmutations
 36801 | Elf:2    | Found a runed translucent gate.
 36801 | Elf:2    | Found a runed translucent gate.
 36801 | Elf:2    | Found a runed translucent gate.
 36823 | Elf:2    | Reached skill level 4 in Earth Magic
 36828 | Elf:2    | Reached skill level 5 in Transmutations
 37031 | Elf:2    | Reached skill level 5 in Earth Magic
 37039 | Elf:2    | Reached XP level 18. HP: 120/120 MP: 37/37
 37478 | Elf:3    | Entered Level 3 of the Elven Halls
 37886 | Elf:3    | Reached skill level 16 in Spellcasting
 38356 | Elf:3    | Noticed a deep elf blademaster
 38361 | Elf:3    | Killed a deep elf blademaster
 38362 | Elf:3    | Noticed a deep elf master archer
 38364 | Elf:3    | Reached skill level 13 in Air Magic
 38364 | Elf:3    | Reached ****** piety under Vehumet
 38365 | Elf:3    | Killed a deep elf master archer
 39206 | Elf:3    | Offered knowledge of Fire Storm by Vehumet.
 39206 | Elf:3    | Offered knowledge of Polar Vortex by Vehumet.
 39206 | Elf:3    | Offered knowledge of Ignition by Vehumet.
 39229 | Elf:3    | Noticed a deep elf blademaster
 39234 | Elf:3    | Killed a deep elf blademaster
 39398 | Elf:3    | Reached skill level 14 in Air Magic
 39403 | Elf:3    | Identified the +9 halberd of the Swamp {elec, Int+4}
 39403 | Elf:3    | Identified the ring "Damnable Contraption" {Ice rCorr Str+4
                  | Int+4}
 39410 | Elf:3    | Identified the +9 executioner's axe of Iconoclasm
                  | {antimagic, *Noise Fly rElec Stlth+}
 39410 | Elf:3    | Identified the +3 leather armour of the Stallion {Dex+6}
 39419 | Elf:3    | Identified the +5 buckler of Agnosticism {Will+ Stlth+}
 39624 | Elf:3    | Noticed a deep elf master archer
 39627 | Elf:3    | Killed a deep elf master archer
 39696 | Elf:3    | Identified the +12 battleaxe "Beetlebane" {vorpal, rPois
                  | rC+ Int-3 Dex+2}
 39700 | Elf:3    | Identified the ring "Kient" {rCorr MP+9 Dex+3}
 40144 | Elf:3    | Found the +9 heavy crossbow "Sniper" {vorpal, Acc+∞ SInv}
 40493 | Shoals:1 | Entered Level 1 of the Shoals
 40537 | Shoals:1 | Noticed Aizul
 40542 | Shoals:1 | Killed Aizul
 40708 | Shoals:1 | Noticed Kirke
 40715 | Shoals:1 | Killed Kirke
 41307 | Shoals:1 | Noticed Nikola
 41312 | Shoals:1 | Killed Nikola
 41313 | Shoals:1 | Reached skill level 15 in Air Magic
 41313 | Shoals:1 | Reached XP level 19. HP: 126/126 MP: 39/39
 41605 | Shoals:1 | Reached skill level 17 in Spellcasting
 42913 | Shoals:2 | Reached skill level 6 in Earth Magic
 43099 | Shoals:3 | Noticed Polyphemus
 43106 | Shoals:3 | Killed Polyphemus
 43271 | Shoals:3 | Reached skill level 7 in Earth Magic
 43466 | Shoals:3 | Found a runed translucent door.
 43466 | Shoals:3 | Noticed zcamperz's ghost (adept MiBe)
 43740 | Shoals:3 | Reached skill level 8 in Earth Magic
 44195 | Shoals:4 | Entered Level 4 of the Shoals
 44215 | Shoals:4 | Noticed Mlioglotl
 44225 | Shoals:4 | Reached skill level 9 in Earth Magic
 44240 | Shoals:4 | Got a barnacled rune of Zot
 44248 | Shoals:4 | Killed Mlioglotl
 44861 | Shoals:4 | Reached skill level 10 in Earth Magic
 44877 | Shoals:4 | Learned a level 6 spell: Statue Form
 45316 | Shoals:4 | Paralysed by an air elemental for 1 turns
 45558 | Shoals:4 | Reached skill level 6 in Transmutations
 45558 | Shoals:4 | Reached skill level 11 in Earth Magic
 45580 | Shoals:3 | Reached XP level 20. HP: 74/132 MP: 15/41
 46465 | Spider:1 | Slain by a spark wasp

Vanquished Creatures
  Saint Roka (Orc:2)
  Nikola (Shoals:1)
  Jorgrun (Orc:2)
  Mlioglotl (Shoals:4)
  2 deep elf master archers (Elf:3)
  2 deep elf blademasters (Elf:3)
  A kraken (Shoals:1)
  Polyphemus (Shoals:3)
  Kirke (Shoals:1)
  A storm dragon (Shoals:4)
  5 deep elf sorcerers
  10 deep elf elementalists (Elf:3)
  An orc warlord (Orc:2)
  2 ghost moths
  4 imperial myrmidons (Desolation)
  Aizul (Shoals:1)
  Nessos (Orc:2)
  4 deep elf demonologists (Elf:3)
  A minotaur (Gauntlet)
  3 deep elf annihilators (Elf:3)
  A dire elephant (Lair:6)
  An ettin (D:13)
  2 crystal guardians (Desolation)
  6 merfolk impalers
  9 deep elf death magi (Elf:3)
  2 deep elf high priests (Elf:3)
  5 merfolk javelineers
  8 hydras
  The ghost of RighteousDevil the Severer, a journeyman MiMo of Sif Muna (D:11)
  4 servants of whispers (Desolation)
  3 catoblepae
  6 peacekeepers (Desolation)
  2 boulder beetles
  6 ragged hierophants (Desolation)
  An ogre mage (D:15)
  10 centaur warriors
  5 merfolk avatars
  7 merfolk aquamancers
  9 two-headed ogres
  2 satyrs
  An alligator (Lair:6)
  11 dancing weapons
  4 tengu warriors
  Urug (Orc:2)
  20 death yaks
  9 deep elf knights
  3 orc high priests
  Sonja (D:10)
  2 fire crabs (Lair:6)
  A pharaoh ant (Spider:1)
  A deep troll (D:13)
  5 sea snakes
  3 wizards
  7 deep elf archers
  3 ironbound convokers (Desolation)
  29 deep elf zephyrmancers
  A wolf spider zombie (D:15)
  19 deep elf pyromancers
  A necromancer (D:15)
  2 lindwurms (Lair:5)
  7 orc sorcerers
  13 manticores
  14 orc knights
  7 ugly things
  23 harpies
  13 fauns
  2 oklob plants
  6 cyclopes
  4 black mambas
  11 water nymphs
  8 elephants
  3 molten gargoyles (Desolation)
  Maurice (D:8)
  3 naga magi (D:15)
  8 merfolk sirens
  A torpor snail (Lair:6)
  3 guardian serpents (Desolation)
  12 cane toads
  Psyche (D:10)
  2 unseen horrors
  3 gargoyles
  6 komodo dragons
  3 centaur skeletons (D:15)
  An efreet (D:14)
  3 tengu conjurers
  2 kobold demonologists
  6 rime drakes
  5 polar bears
  9 trolls
  A queen bee (shapeshifter) (D:15)
  22 merfolk
  8 wind drakes
  A hornet (D:11)
  A raiju (shapeshifter) (D:13)
  24 blink frogs
  39 saltlings (Desolation)
  7 slime creatures
  11 dream sheep (Shoals:2)
  6 snapping turtles
  8 air elementals
  3 jumping spiders
  2 shadows
  3 spriggans (D:11)
  3 large abominations (Gauntlet)
  26 water elementals
  A vampire (D:11)
  58 yaks
  7 wyverns
  3 basilisks
  Grum (D:11)
  4 hogs (Shoals:1)
  7 fire elementals
  A steam dragon (Lair:6)
  A redback (Spider:1)
  6 wargs
  Edmund (D:6)
  An acid dragon (Gauntlet)
  16 water moccasins
  58 orc warriors
  2 ice beasts (D:5)
  A hornet zombie (D:8)
  5 black bears
  A necrophage (D:3)
  7 small abominations (Gauntlet)
  4 boggarts (D:14)
  30 wolves
  6 ogres
  10 centaurs
  5 kobold brigands
  19 bullfrogs
  2 earth elementals (Elf:3)
  A gnoll sergeant (D:9)
  4 scorpions
  A water moccasin skeleton (D:5)
  19 wights
  A howler monkey (D:6)
  8 electric eels
  3 centaur zombies
  2 bullfrog zombies
  22 orc priests
  A gnoll shaman (D:9)
  A hound (D:5)
  5 jellies
  A bullfrog skeleton (D:6)
  36 orc wizards
  9 hell rats
  A killer bee zombie (Ossuary)
  A hound skeleton (D:2)
  3 mummies (Ossuary)
  An adder (shapeshifter) (D:15)
  14 gnolls
  5 adders
  A white imp (D:7)
  An adder zombie (D:5)
  A worm (D:3)
  7 dart slugs
  111 orcs
  3 ball pythons
  2 bats
  3 endoplasms
  3 giant cockroaches (D:1)
  11 goblins
  14 hobgoblins
  A quokka (D:1)
  2 frilled lizards
  25 kobolds
  4 rats
  3 bushes (Lair:6)
1191 creatures vanquished.

Vanquished Creatures (others)
  A bush (Lair:3)
  22 demonic plants (Gauntlet)
  40 fungi
  2 pillars of salt (Desolation)
  200 plants
  4 tentacles (Shoals:1)
  6 withered plants
275 creatures vanquished.

Grand Total: 1466 creatures vanquished

Table legend: (Time is in decaauts)
 A = Elapsed time spent in this place.
 B = Non-inter-level travel time spent in this place.
 C = Inter-level travel time spent in this place.
 D = Time resting spent in this place.
 E = Time spent auto-exploring this place.
 F = Levels seen in this place.
 G = Mean time per level.
                   A        B        C        D        E       F      G
               +--------+--------+--------+--------+--------+-----+--------+
         Total |  46676 |  44419 |   2257 |   7802 |  26985 |  35 | 1333.6 |
       Dungeon |  20407 |  19433 |    974 |   2937 |  12419 |  15 | 1360.5 |
          Lair |   8719 |   8017 |    702 |   1352 |   4916 |   6 | 1453.2 |
        Shoals |   5609 |   5460 |    149 |    603 |   3910 |   4 | 1402.2 |
   Spider Nest |     87 |     87 |      0 |     47 |      1 |   1 |   87.0 |
  Orcish Mines |   2779 |   2451 |    328 |     44 |   1786 |   2 | 1389.5 |
   Elven Halls |   5260 |   5158 |    102 |   1070 |   3308 |   3 | 1753.3 |
       Ossuary |    169 |    169 |      0 |    124 |      0 |   1 |  169.0 |
        Bailey |    962 |    962 |      0 |    348 |    197 |   1 |  962.0 |
    Desolation |   2119 |   2119 |      0 |   1106 |    378 |   1 | 2119.0 |
      Gauntlet |    562 |    562 |      0 |    171 |     70 |   1 |  562.0 |
               +--------+--------+--------+--------+--------+-----+--------+

Top non-repeatable levels by time:
   Elf:3: 2433 daAuts
Desolation: 2119 daAuts
    D:10: 1990 daAuts
     D:8: 1913 daAuts
  Lair:6: 1882 daAuts
   Orc:2: 1855 daAuts
   Elf:2: 1759 daAuts
  Lair:4: 1728 daAuts
Shoals:4: 1723 daAuts
     D:3: 1599 daAuts
  Lair:3: 1539 daAuts
     D:5: 1514 daAuts
     D:9: 1504 daAuts
     D:2: 1493 daAuts
    D:11: 1471 daAuts

Table legend:
 A = Non-vault XP
 B = Vault XP
 C = Vault XP percentage of total XP
 D = Non-vault monster count
 E = Vault monster count
 F = Vault count percentage of total count
                 A         B        C        D         E       F
            +---------+---------+-------+---------+---------+-------
      Total |  210614 |  187351 |  47.1 |     719 |     469 |  39.5
            +---------+---------+-------+---------+---------+-------
        D:1 |      30 |       0 |   0.0 |      15 |       0 |   0.0
        D:2 |      73 |       0 |   0.0 |      16 |       0 |   0.0
        D:3 |     234 |       0 |   0.0 |      16 |       0 |   0.0
        D:4 |     116 |     126 |  52.1 |      15 |       1 |   6.2
        D:5 |     593 |     128 |  17.8 |       9 |       4 |  30.8
        D:6 |     967 |     157 |  14.0 |      20 |       1 |   4.8
        D:7 |     281 |       7 |   2.4 |      14 |       4 |  22.2
        D:8 |    1461 |     433 |  22.9 |      31 |       1 |   3.1
        D:9 |    3676 |       0 |   0.0 |      32 |       0 |   0.0
       D:10 |    1240 |    3638 |  74.6 |      17 |      10 |  37.0
       D:11 |    5717 |    3056 |  34.8 |      26 |      10 |  27.8
       D:12 |    3526 |     259 |   6.8 |       7 |       1 |  12.5
       D:13 |    4588 |    2758 |  37.5 |       9 |       7 |  43.8
       D:14 |   10305 |    2025 |  16.4 |      21 |       3 |  12.5
       D:15 |   15652 |    4368 |  21.8 |      38 |       9 |  19.1
     Lair:1 |    3078 |       0 |   0.0 |      13 |       0 |   0.0
     Lair:2 |   11258 |       0 |   0.0 |      33 |       0 |   0.0
     Lair:3 |   12884 |     682 |   5.0 |      40 |       5 |  11.1
     Lair:4 |   13659 |     244 |   1.8 |      46 |       1 |   2.1
     Lair:5 |    4637 |    1222 |  20.9 |      20 |       2 |   9.1
     Lair:6 |    9196 |   11729 |  56.1 |      30 |      35 |  53.8
   Shoals:1 |    9603 |    8306 |  46.4 |      16 |      14 |  46.7
   Shoals:2 |    8229 |    5352 |  39.4 |      20 |      13 |  39.4
   Shoals:3 |   20673 |    5590 |  21.3 |      38 |       6 |  13.6
   Shoals:4 |   14381 |   23535 |  62.1 |      30 |      46 |  60.5
   Spider:1 |    2667 |       0 |   0.0 |       5 |       0 |   0.0
      Orc:1 |    4370 |    6824 |  61.0 |      31 |      36 |  53.7
      Orc:2 |    2380 |   15981 |  87.0 |      33 |      88 |  72.7
      Elf:1 |    5303 |    4229 |  44.4 |      10 |       8 |  44.4
      Elf:2 |   23940 |    3298 |  12.1 |      39 |       4 |   9.3
      Elf:3 |   15897 |   40619 |  71.9 |      29 |      37 |  56.1
    Ossuary |       0 |     122 | 100.0 |       0 |       5 | 100.0
     Bailey |       0 |    3281 | 100.0 |       0 |      35 | 100.0
 Desolation |       0 |   35970 | 100.0 |       0 |      70 | 100.0
   Gauntlet |       0 |    3412 | 100.0 |       0 |      13 | 100.0
            +---------+---------+-------+---------+---------+-------
